 Dungeon Crawl Stone Soup version 0.21-a0-440-g28109cb (webtiles) character file.

9 theanonym the Grave Robber (level 2, 0/19 HPs)
             Began as a Demonspawn Necromancer on Nov 11, 2017.
             Slain by a bat (1 damage)
             ... on level 1 of the Dungeon.
             The game lasted 00:02:29 (294 turns).

theanonym the Grave Robber (Demonspawn Necromancer)  Turns: 294, Time: 00:02:29

Health: 0/19       AC:  4    Str:  8    XL:     2   Next: 3%
Magic:  0/5        EV: 12    Int: 16    God:
Gold:   20         SH:  0    Dex: 13    Spells: 4/5 levels left

rFire    . . .     SeeInvis .   (no weapon)
rCold    . . .     Gourm    .   (no shield)
rNeg     . . .     Faith    .   a - +0 robe
rPois    .         Spirit   .   (no helmet)
rElec    .         Reflect  .   (no cloak)
rCorr    .         Harm     .   (no gloves)
MR       .....                  (no boots)
Stlth    ++........             (no amulet)
HPRegen  0.06/turn              (no ring)
MPRegen  0.09/turn              (no ring)

@: no status effects
A: molten scales 1
a: no special abilities


Innate Abilities, Weirdness & Mutations

You are partially covered in molten scales. (AC +2)


   Skills:
 - Level 1.7 Dodging
 - Level 1.7 Stealth
 + Level 2.3 Spellcasting
 + Level 4.6 Necromancy


You had 4 spell levels left.
You knew the following spells:

 Your Spells              Type           Power        Failure   Level  Hunger
a - Pain                  Necr           ###.         3%          1    #......

Action                   || total
-------------------------++-------
Melee: Unarmed           ||     6
 Cast: Pain              ||    15
Armor: Robe              ||    20
Dodge: Dodged            ||    35

Inventory:

Hand Weapons
 d - a +0 dagger
   (You found it on level 1 of the Dungeon)
Armour
 a - a +0 robe (worn)
Scrolls
 e - a scroll of amnesia {unknown}
 g - a scroll of fog {unknown}
Potions
 h - a potion of magic {unknown}
Books
 b - a book of Necromancy

   Spells                             Type                      Level
   a - Pain                           Necromancy                   1
   b - Animate Skeleton               Necromancy                   1
   c - Vampiric Draining              Necromancy                   3
   d - Regeneration                   Charms/Necromancy            3
   e - Animate Dead                   Necromancy                   4
   f - Control Undead                 Necromancy                   4
Comestibles
 c - a bread ration
 f - 3 chunks of flesh

Dungeon Overview and Level Annotations

Branches:
Dungeon (1/15)

Altars:


You were on level 1 of the Dungeon.
You were not hungry.

You visited 1 branch of the dungeon, and saw 1 of its levels.

You collected 20 gold pieces.


Message History

A giant cockroach comes into view.
The frilled lizard unfolds its giant frill.
Aim: a hobgoblin (almost dead, chance to defeat MR: 87%)
The hobgoblin writhes in agony!
You kill the hobgoblin!
* * * LOW MAGIC WARNING * * *
The frilled lizard bites you.
* * * LOW HITPOINT WARNING * * *
You take 2 damage, and have 2/13 hp.
You now have 0/3 mp.
You hit the frilled lizard but do no damage.
The frilled lizard barely misses you.
Unknown command.
The giant cockroach bites you but does no damage.
Your magical contamination has completely faded away.
The giant cockroach closely misses you.
Aim: a giant cockroach (clinging, chance to defeat MR: 87%)
The giant cockroach writhes in agony!
* * * LOW MAGIC WARNING * * *
The giant cockroach closely misses you.
You take 1 damage, and have 2/13 hp.
You now have 0/3 mp.
You barely miss the giant cockroach.
The giant cockroach bites you but does no damage.
You hit the giant cockroach but do no damage.
The giant cockroach misses you. The giant cockroach bites you.
* * * LOW HITPOINT WARNING * * *
You take 1 damage, and have 1/13 hp.
A goblin comes into view. It is wielding a dagger.
The goblin shouts!
The giant cockroach closely misses you.
Found a scroll labeled QEWYUN LENECU and 14 gold pieces.
The giant cockroach closely misses you.
Aim: a giant cockroach (almost dead, clinging, chance to defeat MR: 87%)
The giant cockroach barely resists.
* * * LOW MAGIC WARNING * * *
The giant cockroach barely misses you.
You now have 0/3 mp.
The giant cockroach bites you but does no damage.
The giant cockroach barely misses you.
Aim: a giant cockroach (severely wounded, chance to defeat MR: 87%)
The giant cockroach writhes in agony!
You kill the giant cockroach!
You have reached level 2!
Your demonic ancestry asserts itself...
Molten scales grow over part of your body.
* * * LOW MAGIC WARNING * * *
You now have 0/5 mp.
There is a stone staircase leading down here.
Some of the chunks of flesh in your inventory have rotted away.
The bat hits you but does no damage. The bat barely misses you.
The bat barely misses you. The bat misses you. The bat closely misses you.
The bat misses you. The bat hits you but does no damage.
Aim: a frilled lizard (chance to defeat MR: 87%)
You miscast Pain.
You are very lightly contaminated with residual magic.
Nothing appears to happen.
* * * LOW MAGIC WARNING * * *
The bat closely misses you.
You now have 0/5 mp.
The bat misses you.
You hit the bat. The bat hits you but does no damage.
The frilled lizard completely misses you.
The bat hits you but does no damage. The bat hits you.
* * * LOW HITPOINT WARNING * * *
The bat closely misses you.
You take 1 damage, and have 2/19 hp.
The bat barely misses you. x2
You see here a kobold corpse.
The bat misses you.
Aim: a frilled lizard (chance to defeat MR: 87%)
The frilled lizard barely resists.
* * * LOW MAGIC WARNING * * *
The bat closely misses you. The frilled lizard closely misses you.
You take 1 damage, and have 1/19 hp.
You now have 0/5 mp.
The bat barely misses you. The bat closely misses you.
The bat hits you but does no damage. The bat hits you but does no damage.
The bat closely misses you. The bat completely misses you.
The bat hits you but does no damage. x2
The bat barely misses you. The bat barely misses you.
The bat hits you but does no damage.
Aim: a frilled lizard (chance to defeat MR: 87%)
The frilled lizard writhes in agony!
You kill the frilled lizard!
* * * LOW MAGIC WARNING * * *
The bat hits you but does no damage. x2
You take 1 damage, and have 1/19 hp.
You now have 0/5 mp.
The bat hits you but does no damage. The bat hits you but does no damage. x2
The bat closely misses you. The goblin hits you but does no damage.
The bat misses you.
Your magical contamination has completely faded away.
The bat hits you.
You die...

.. . #. . ### #.#. .# ##...#.
#.#.##.# .. ?$ ....... #.#..#.#
.. .. # ... #......### #.#. ###
....+..... ..# #... #
..##....###..###.####.##+##.#
..............g.@...........#
..#######......b.####.##.####.#.
..#...##........................
..#...##.........#####.#.####.###
..#...##.........#####.#.####.#..
..#.......######.##....g....#.#..
####.............##.###..##.#....
####......#########......#....#
..................#......#....###


You could see a goblin and a bat.

Notes
Turn   | Place    | Note
-------+----------+-------------------------------------------
     0 | D:1      | theanonym the Demonspawn Necromancer began the quest for the Orb.
     0 | D:1      | Reached XP level 1. HP: 13/13 MP: 3/3
   197 | D:1      | HP: 4/13 [hobgoblin (4)]
   202 | D:1      | HP: 4/13 [bat (1)]
   218 | D:1      | HP: 2/13 [frilled lizard (1)]
   234 | D:1      | HP: 1/13 [giant cockroach (1)]
   256 | D:1      | Gained mutation: You are partially covered in molten scales. (AC +2) [demonic ancestry]
   256 | D:1      | Reached XP level 2. HP: 3/19 MP: 0/5
   276 | D:1      | HP: 2/19 [bat (1)]
   294 | D:1      | Slain by a bat

Vanquished Creatures
  2 giant cockroaches (D:1)
  A goblin (D:1)
  A hobgoblin (D:1)
  A kobold (D:1)
  A bat (D:1)
  2 frilled lizards (D:1)
8 creatures vanquished.
